 Dungeon Sprint DCSS version 0.28.0-53-g5a82cb258f (webtiles) character file.

Game seed: 4796427156834677836

106 Zeld the Skirmisher (level 4, -5/47 HPs)
             Began as a Minotaur Berserker on June 4, 2022.
             Was a Follower of Trog.
             Slain by Sigmund
             ... wielding a +0 scythe
              (10 damage)
             ... in the Dungeon (Sprint I: "Red Sonja").
             The game lasted 00:00:15 (365 turns).

Zeld the Skirmisher (Minotaur Berserker)             Turns: 365, Time: 00:00:15

Health: -5/47      AC:  2    Str: 24    XL:     4   Next: 55%
Magic:  3/3        EV: 12    Int:  4    God:    Trog [*.....]
Gold:   54         SH:  0    Dex:  9    Spells: 3/3 levels left

rFire   . . .      SeeInvis .   a - +0 hand axe
rCold   . . .      Faith    .   (no shield)
rNeg    . . .      Spirit   .   b - +0 animal skin
rPois   .          Reflect  .   (helmet restricted)
rElec   .          Harm     .   (no cloak)
rCorr   .          Rampage  .   (no gloves)
Will    .....      NoTele   +   (no boots)
Stlth   +.........              (no amulet)
HPRegen 0.15/turn               (no ring)
MPRegen 0.08/turn               (no ring)

@: on berserk cooldown, slowed, very slow
A: horns 2, retaliatory headbutt
a: Renounce Religion, Berserk


You were in the Dungeon.
You worshipped Trog.
Trog was aware of your devotion.
You visited 1 branch You collected 54 gold pieces.

Inventory:

Hand Weapons
 a - a +0 hand axe (weapon)
Armour
 b - a +0 animal skin (worn)
Wands
 i - a wand of flame (19)
Scrolls
 h - a scroll of blinking
Potions
 c - a potion of curing
 d - a potion of heal wounds
 e - a potion of haste
 f - 2 potions of magic
 g - a potion of berserk rage


   Skills:
 * Level 7.3 Fighting
 * Level 7.2 Axes
 + Level 5.0 Armour
 + Level 4.4 Dodging


You had 3 spell levels left.
You didn't know any spells.
Your spell library was empty.

Dungeon Overview and Level Annotations

Branches:
Dungeon (1/1)

Altars:

Annotations:
D Sigmund


Innate Abilities, Weirdness & Mutations

You have a pair of horns on your head.
You reflexively headbutt those who attack you in melee.


Message History

There is an open door here.
You are too confused!
You miss Sigmund. Your headbutt misses Sigmund. Sigmund barely misses you.
You barely miss Sigmund. Sigmund gestures at you while chanting.
You are more confused.
You bump into the rock wall.
You feel a strong urge to attack something.
Sigmund closely misses you.
You are no longer berserk.
You are exhausted.
You feel yourself slow down.
There is an open door here.
You barely miss Sigmund. Sigmund barely misses you.
Sigmund points at you and mumbles some strange words.
The puff of flame hits you!
There is an open door here.
You bump into the stone wall.
Sigmund casts a spell at you.
You are more confused.
Sigmund closely misses you.
There is an open door here.
You closely miss Sigmund. Sigmund barely misses you.
You closely miss Sigmund. Sigmund hits you with a +0 scythe.
You miss Sigmund. Sigmund closely misses you.
You're too confused to move!
Sigmund hits you with a +0 scythe!
You closely miss Sigmund. Your headbutt misses Sigmund.
You feel less confused. Sigmund barely misses you.
You slash Sigmund!
Sigmund is moderately wounded.
Sigmund casts a spell.
Sigmund flickers and vanishes!
Deactivating autopickup; reactivate with Ctrl-A.
You hit something but do no damage. Something hits you!
You miss something. Something hits you!
* * * LOW HITPOINT WARNING * * *
You hit something but do no damage. Your headbutt misses something.
Something hits you!
You die...

#############
#<.#..)..#..+
#..').#..{..#
#..#####@####
#..# #..#
#..# ####
#..# #⌠⌠#
####


There were no monsters in sight!

Vanquished Creatures
  An ogre (D)
  Ijyb (D)
2 creatures vanquished.

Notes
Turn   | Place    | Note
-------+----------+-------------------------------------------
     0 | D        | Zeld the Minotaur Berserker began the quest for the Orb.
     0 | D        | Reached XP level 1. HP: 19/19 MP: 0/0
     2 | D        | Noticed Ijyb
    13 | D        | Killed Ijyb
    14 | D        | Reached skill level 5 in Fighting
    14 | D        | Reached skill level 5 in Axes
    14 | D        | Reached XP level 2. HP: 29/29 MP: 1/1
   272 | D        | Noticed an ogre
   275 | D        | Killed an ogre
   276 | D        | Reached skill level 5 in Armour
   276 | D        | Reached XP level 3. HP: 39/39 MP: 2/2
   276 | D        | Reached XP level 4. HP: 47/47 MP: 3/3
   343 | D        | Noticed Sigmund
   365 | D        | Slain by Sigmund

Illustrated notes

Levels and vault maps discovered:
D:        dungeon_sprint_1 [red_sonja_temple_1, red_sonja_temple_small_1]

Skill      XL: |  1  2 |
---------------+-------+-----
Fighting       | 5 7 |  7.3
Axes           | 5 7 |  7.2
Armour         | 3 5 |  5.0
Dodging        | 3 4 |  4.4

Action                   |  1- 3 |  4- 6 || total
-------------------------+-------+-------++-------
Melee: Hand axe          |    11 |    11 ||    22
       Headbutt          |     2 |       ||     2
Invok: Berserk           |     2 |     1 ||     3
Dodge: Dodged            |     5 |     7 ||    12
